 Dungeon Crawl Stone Soup version 0.28-a0-653-g7e9dba17c3 (webtiles) character file.

Game seed: 14017214868205146173

2447 Gargoyl the Gouger (level 9, -1/39 HPs)
             Began as a Felid Abyssal Knight on Oct 12, 2021.
             Was a Believer of Lugonu.
             Slain by a wyvern (13 damage)
             ... on level 8 of the Dungeon.
             The game lasted 00:14:49 (11318 turns).

Gargoyl the Gouger (Felid Abyssal Knight)          Turns: 11318, Time: 00:14:49

Health: -1/39      AC:  6    Str: 19    XL:     9   Next: 25%
Magic:  5/13       EV: 21    Int: 18    God:    Lugonu [**....]
Gold:   453        SH:  0    Dex: 16    Spells: 5/11 levels left
                                        Lives:  0   Deaths: 2

rFire   . . .      SeeInvis +     - Unarmed
rCold   + . .      Faith    .   (shield unavailable)
rNeg    . . .      Spirit   .   (armour unavailable)
rPois   .          Reflect  .   (helmet unavailable)
rElec   +          Harm     .   (cloak unavailable)
rCorr   .          Rampage  .   (gloves unavailable)
Will    +....                   (boots unavailable)
Stlth   +++.......              d - amulet of the Scorching Enemy {Acrobat Str+3}
HPRegen 0.13/turn               e - ring of Gabijawk {Str+4 Int+6}
MPRegen 0.13/turn               g - ring "Byskyze" {rElec rC+ AC+4}

@: very slightly contaminated, quick
A: very small, claws 1, fangs 3, see invisible, speed 1, shaggy fur 2, stealthy
paws, no weapons or thrown items, no armour, multi-lived
a: Renounce Religion, Depart the Abyss, Bend Space


You were on level 8 of the Dungeon.
You worshipped Lugonu.
Lugonu was pleased with you.
You visited 1 branch of the dungeon, and saw 8 of its levels.
You visited the Abyss 1 time.

You collected 453 gold pieces.

Inventory:

Jewellery
 d - the amulet of the Scorching Enemy (around neck) {Acrobat Str+3}
   (You found it on level 6 of the Dungeon)

   [amulet of the acrobat]

   It increases your evasion while moving and waiting.
   Str:       It affects your strength (+3).
 e - the ring of Gabijawk (left paw) {Str+4 Int+6}
   (You found it on level 4 of the Dungeon)

   [ring of intelligence]

   Str:       It affects your strength (+4).
   Int:       It affects your intelligence (+6).
 g - the ring "Byskyze" (right paw) {rElec rC+ AC+4}
   (You found it on level 6 of the Dungeon)

   [ring of protection]

   AC:        It affects your AC (+4).
   rC:        It protects you from cold.
   rElec:     It insulates you from electricity.
 r - an amulet of magic regeneration
 s - a +6 ring of intelligence
Wands
 j - a wand of iceblast (2)
Scrolls
 a - 4 scrolls of magic mapping
 f - 2 scrolls of teleportation
 i - 2 scrolls of identify
 l - a scroll of enchant weapon {unknown}
 p - a scroll of brand weapon {unknown}
 q - a scroll of acquirement {unknown}
 t - a scroll of immolation {unknown}
 u - a scroll of fog {unknown}
Potions
 b - 5 potions of flight
 c - a potion of curing
 h - 3 potions of haste
 k - a potion of mutation {unknown}
 m - 2 potions of brilliance {unknown}
 n - 3 potions of lignification
 o - a potion of heal wounds


   Skills:
 + Level 4.7 Fighting
 + Level 7.9 Dodging
 + Level 6.0 Stealth
 + Level 9.5 Unarmed Combat
 + Level 1.8 Spellcasting
 + Level 1.5 Hexes
 + Level 0.9 Necromancy
 + Level 0.4 Ice Magic
 + Level 4.0 Invocations
 + Level 1.0 Evocations


You had 5 spell levels left.
You knew the following spells:

 Your Spells              Type           Power      Damage    Failure   Level
a - Animate Skeleton      Necr           10%        N/A       13%         1
b - Vampiric Draining     Necr           2%         2d6       36%         3
c - Ensorcelled Hibernat  Hex/Ice        10%        N/A       19%         2

Your spell library contained the following spells:

 Spells                   Type           Power      Damage    Failure   Level
 Pain                     Necr           20%        1d5       13%         1
 Apportation              Tloc           2%         N/A       19%         1
 Summon Small Mammal      Summ           4%         N/A       19%         1
 Scorch                   Fire           2%         2d5       28%         2
 Tukima's Dance           Hex            7%         N/A       28%         3
 Gell's Gravitas          Tloc           0%         N/A       50%         3
 Teleport Other           Tloc           1%         N/A       50%         3
 Flame Wave               Conj/Fire      1%         3d3       88%         4
 Alistair's Intoxication  Tmut/Pois      0%         N/A       99%         5
 Borgnjor's Vile Clutch   Necr/Erth      1%         N/A       99%         5
 Dispersal                Tloc           0%         N/A       100%        6
 Eringya's Noxious Bog    Tmut/Pois      0%         N/A       100%        6
 Summon Cactus Giant      Summ           0%         N/A       100%        6


Dungeon Overview and Level Annotations

Branches:
Dungeon (8/15)             Temple (0/1) D:6
   Lair: D:8-11

Altars:
Elyvilon
Gozag
Kikubaaqudgha
Trog
Yredelemnul

Shops:
D:4 (


Innate Abilities, Weirdness & Mutations

You have sharp claws.
You have razor-sharp teeth.
You have supernaturally acute eyesight. (SInv)
You cover ground quickly. (Speed+)
You are covered in thick fur. (AC +2)
Your paws help you pounce on unaware monsters.
You are incapable of wielding weapons or throwing items.
You cannot wear armour.
You gain extra lives every three experience levels.


Message History

Before your eyes, flesh is ripped from the corpse!
The dead are walking!
You start resting.
Your basilisk skeleton crumbles into dust!
Magic restored.
You start resting.
A wyvern is nearby!
A wyvern is nearby!
A wyvern is nearby!
The wyvern hisses angrily.
The wyvern misses you.
Casting: Animate Skeleton (safe; 13% risk of failure)
Confirm with . or Enter, or press ? or * to list all spells.
Aiming: Ensorcelled Hibernation (safe; 19% risk of failure)
Press: ? - help, Shift-Dir - straight line, f - wyvern
Aim: a wyvern (chance to affect: 37%)
The wyvern easily resists.
The wyvern misses you.
Casting: Ensorcelled Hibernation (safe; 19% risk of failure)
Confirm with . or Enter, or press ? or * to list all spells.
Aiming: Ensorcelled Hibernation (safe; 19% risk of failure)
Press: ? - help, Shift-Dir - straight line, f/p - wyvern
Aim: a wyvern (chance to affect: 37%)
You miscast Ensorcelled Hibernation.
You are very lightly contaminated with residual magic.
Nothing appears to happen.
The wyvern completely misses you. The wyvern bites you.
Casting: Ensorcelled Hibernation (safe; 19% risk of failure)
Confirm with . or Enter, or press ? or * to list all spells.
Aiming: Ensorcelled Hibernation (safe; 19% risk of failure)
Press: ? - help, Shift-Dir - straight line, f/p - wyvern
Aim: a wyvern (chance to affect: 37%)
The wyvern easily resists.
The wyvern bites you but does no damage.
Casting: Ensorcelled Hibernation (safe; 19% risk of failure)
Confirm with . or Enter, or press ? or * to list all spells.
Aiming: Ensorcelled Hibernation (safe; 19% risk of failure)
Press: ? - help, Shift-Dir - straight line, f/p - wyvern
Aim: a wyvern (chance to affect: 37%)
The wyvern easily resists.
The wyvern barely misses you. The wyvern bites you!
You die...

###...≈....<.
#..........
#..
+............
#...
###..........
#....
#..........
#.(..
#########..
#....### #..
#......######
###
#.........l@#
..
#...........#
#...
#...........#
#...
#.......###.#
#..[
#.......# ..#
....
#.......# #.#
#...
#..<....# #..
#.......#.#.#
#...........#


You could see a wyvern.

Vanquished Creatures
  A cyclops (D:6)
  Grinder (D:6)
  2 yaks (D:7)
  A basilisk (D:8)
  5 water moccasins
  An ice beast (D:6)
  An ogre (D:5)
  A necrophage (D:7)
  A phantom (D:5)
  A bullfrog (D:7)
  3 scorpions
  A howler monkey (D:5)
  An electric eel (D:7)
  A bullfrog zombie (D:6)
  A centaur zombie (D:5)
  A jelly (D:7)
  2 orc priests
  A hound (D:6)
  A centaur skeleton (D:6)
  Jessica (D:3)
  2 iguanas (D:5)
  6 orc wizards
  A killer bee zombie (D:8)
  A hound skeleton (D:5)
  8 gnolls
  5 adders
  A white imp (D:6)
  An ufetubus (D:4)
  4 worms
  A dart slug (D:4)
  22 orcs
  7 ball pythons
  4 bats
  6 endoplasms
  4 giant cockroaches (D:1)
  4 goblins
  7 hobgoblins
  12 jackals
  6 quokkas
  A frilled lizard (D:1)
  9 kobolds
  4 rats
144 creatures vanquished.

Vanquished Creatures (others)
  A human (D:3)
  A quokka (D:7)
  5 fungi
  13 plants
20 creatures vanquished.

Grand Total: 164 creatures vanquished

Notes
Turn   | Place    | Note
-------+----------+-------------------------------------------
     0 | Abyss:1  | Gargoyl the Felid Abyssal Knight began the quest for the
                  | Orb.
     0 | Abyss:1  | Reached XP level 1. HP: 10/10 MP: 3/3
    38 | Abyss:1  | Found a corrupted altar of Lugonu.
    60 | Abyss:1  | Found a corrupted altar of Lugonu.
   102 | Abyss:1  | Noticed a small abomination
   162 | Abyss:1  | Noticed a small abomination
   174 | Abyss:1  | Noticed an orange demon
   175 | Abyss:1  | Noticed a starcursed mass
   180 | D:1      | Escaped the Abyss
   658 | D:1      | Reached XP level 2. HP: 12/14 MP: 4/4
   708 | D:1      | Reached * piety under Lugonu
  1019 | D:1      | Found a faded altar of an unknown god.
  1187 | D:1      | Reached skill level 1 in Stealth
  1187 | D:1      | Reached XP level 3. HP: 17/17 MP: 5/5
  2422 | D:1      | Reached skill level 3 in Unarmed Combat
  2777 | D:2      | Reached XP level 4. HP: 21/21 MP: 6/6
  3529 | D:3      | Found a basalt altar of Yredelemnul.
  3556 | D:3      | Reached ** piety under Lugonu
  3614 | D:3      | Noticed Jessica
  3618 | D:3      | Killed Jessica
  3639 | D:3      | Reached XP level 5. HP: 23/24 MP: 7/7
  3699 | D:3      | Found an ancient bone altar of Kikubaaqudgha.
  3702 | D:3      | Noticed a human
  3703 | D:3      | Killed a human
  4095 | D:4      | Found Beuw's Antique Weapon Shoppe.
  4099 | D:4      | Identified the ring of Gabijawk {Str+4 Int+6}
  4357 | D:4      | Reached skill level 4 in Unarmed Combat
  5645 | D:4      | Gained mutation: You are covered in thick fur. (AC +2)
                  | [Felid growth]
  5645 | D:4      | Reached XP level 6. HP: 20/28 MP: 8/8
  6165 | D:4      | Slain by a gnoll
  6166 | D:4      | Reached XP level 5. HP: -1/25 MP: 7/7
  6256 | D:5      | Entered Level 5 of the Dungeon
  6319 | D:5      | Reached skill level 5 in Unarmed Combat
  6328 | D:5      | Reached XP level 6. HP: 23/28 MP: 8/8
  6584 | D:5      | Reached *** piety under Lugonu
  6853 | D:5      | Reached skill level 5 in Dodging
  6937 | D:5      | Reached skill level 6 in Unarmed Combat
  7145 | D:5      | Reached XP level 7. HP: 32/32 MP: 9/9
  7590 | D:6      | Found a staircase to the Ecumenical Temple.
  7780 | D:6      | Found an opulent altar of Gozag.
  7893 | D:6      | Noticed a cyclops
  7908 | D:6      | Slain by a cyclops
  7909 | D:6      | Reached XP level 6. HP: 0/42 MP: 1/8
  7932 | D:6      | Found a bloodstained altar of Trog.
  7941 | D:6      | Identified the amulet of the Scorching Enemy {Acrobat
                  | Str+3}
  8245 | D:6      | Killed a cyclops
  8246 | D:6      | Reached skill level 7 in Unarmed Combat
  8246 | D:6      | Reached XP level 7. HP: 2/32 MP: 8/10
  8642 | D:6      | Reached skill level 5 in Stealth
  8718 | D:6      | Noticed Grinder
  8732 | D:6      | Killed Grinder
  8733 | D:6      | Reached skill level 8 in Unarmed Combat
  8733 | D:6      | Reached XP level 8. HP: 29/36 MP: 11/11
  8994 | D:6      | Identified the ring "Byskyze" {rElec rC+ AC+4}
  9303 | D:7      | Learned a level 1 spell: Animate Skeleton
  9317 | D:7      | Learned a level 3 spell: Vampiric Draining
 10081 | D:7      | Found a white marble altar of Elyvilon.
 10552 | D:8      | Reached skill level 9 in Unarmed Combat
 10590 | D:7      | Learned a level 2 spell: Ensorcelled Hibernation
 10654 | D:7      | Reached XP level 9. HP: 27/39 MP: 2/12
 10657 | D:8      | Reached skill level 1 in Spellcasting
 10723 | D:7      | Reached skill level 1 in Hexes
 11202 | D:8      | Reached skill level 1 in Evocations
 11318 | D:8      | Slain by a wyvern

Illustrated notes

Levels and vault maps discovered:
D:1:      minmay_arrival_nine_rooms, layout_basic,
          shapermc_ecumenical_altar_acropolis
D:2:      layout_loops_ring
D:3:      layout_basic, tgw_kikubaaqudgha, mainiacjoe_overflow_boulevard,
          kennysheep_crisscross, uniq_jessica
D:4:      layout_gridville, nicolae_stop_n_shop_2, minmay_misc_feat_enclosed,
          corexii_checkpoint_a, minivault_26, kennysheep_another_room,
          kennysheep_generic_room_15
D:5:      layout_basic
D:6:      layout_loops_corners, grunt_gozag_statues, trog_three_pillars_becter,
          minmay_temple_entry_statues, minmay_microvault, uniq_grinder
D:7:      layout_cave_pods, elyvilon_altar_4, serial_bayou,
          serial_bayou_crossing, serial_bayou_pond_b, serial_bayou_shore_b,
          serial_bayou_pond_a
D:8:      layout_basic, lemuel_tele_altar, minmay_lair_entry_grove,
          serial_shops, shop, moated_statue

Skill      XL: |  1  2  3  4  5  6  7  8  9 |
---------------+----------------------------+-----
Stealth        | 1 2 4 5 6 |  6.0
Unarmed Combat | 3 5 7 8 9 |  9.5
Dodging        | 4 6 7 |  7.9
Invocations    | 2 3 4 |  4.0
Fighting       | 4 |  4.7
Spellcasting   | 1 |  1.8
Hexes          | 1 |  1.5
Evocations     | 1 |  1.0
Necromancy     | |  0.9
Ice Magic      | |  0.4

Action                   |  1- 3 |  4- 6 |  7- 9 || total
-------------------------+-------+-------+-------++-------
Melee: Unarmed           |   157 |   277 |   124 ||   558
       Bite              |    20 |    31 |    21 ||    72
       Punch             |     3 |     8 |     8 ||    19
 Cast: Animate Skeleton  |       |       |     6 ||     6
       Ensorcelled Hiber |       |       |     7 ||     7
       Vampiric Draining |       |       |     1 ||     1
Invok: Depart the Abyss  |     1 |       |       ||     1
       Bend Space        |       |     1 |     2 ||     3
       Banish            |       |       |     3 ||     3
Evoke: Wand              |       |       |     6 ||     6
  Use: Scroll            |     3 |     2 |     7 ||    12
       Potion            |       |       |     4 ||     4
 Stab: Sleeping          |     6 |     5 |     4 ||    15
Armor: Skin              |     7 |     8 |    13 ||    28
Dodge: Dodged            |   132 |   235 |   122 ||   489

Table legend: (Time is in decaauts)
 A = Elapsed time spent in this place.
 B = Non-inter-level travel time spent in this place.
 C = Inter-level travel time spent in this place.
 D = Time resting spent in this place.
 E = Time spent auto-exploring this place.
 F = Levels seen in this place.
 G = Mean time per level.
                   A        B        C        D        E       F      G
               +--------+--------+--------+--------+--------+-----+--------+
         Total |  10216 |   9960 |    256 |   2999 |   5138 |   9 | 1135.1 |
       Dungeon |  10070 |   9814 |    256 |   2999 |   5054 |   8 | 1258.8 |
         Abyss |    146 |    146 |      0 |      0 |     84 |   1 |  146.0 |
               +--------+--------+--------+--------+--------+-----+--------+

Top non-repeatable levels by time:
     D:2: 2037 daAuts
     D:1: 1613 daAuts
     D:4: 1462 daAuts
     D:7: 1412 daAuts
     D:6: 1405 daAuts
     D:3: 848 daAuts
     D:5: 765 daAuts
     D:8: 523 daAuts
 Abyss:1: 146 daAuts
